 Dungeon Crawl Stone Soup version 0.28.0-62-gf88900778d (webtiles) character file.

Game seed: 3818148187618309933

2417 Froggeryz the Slicer (level 9, -1/64 HPs)
             Began as an Octopode Berserker on Sept 10, 2023.
             Was an Elder of Trog.
             Killed from afar by a steam dragon (21 damage)
             ... with a ball of steam
             ... on level 8 of the Dungeon.
             The game lasted 00:07:39 (8044 turns).

Froggeryz the Slicer (Octopode Berserker)           Turns: 8044, Time: 00:07:40

Health: -1/64      AC:  7    Str: 16    XL:     9   Next: 47%
Magic:  9/9        EV: 14    Int:  9    God:    Trog [****..]
Gold:   306        SH:  0    Dex: 16    Spells: 8/8 levels left

rFire   . . .      SeeInvis .   a - +0 short sword
rCold   . . .      Faith    +   (no shield)
rNeg    . . .      Spirit   .   s - +2 hat
rPois   .          Reflect  .   c - amulet of faith
rElec   .          Harm     .   d - +4 ring of protection
rCorr   .          Rampage  .   (no ring)
Will    .....                   (no ring)
Stlth   +++++.....              (no ring)
HPRegen 0.20/turn               (no ring)
MPRegen 0.11/turn               (no ring)
                                (no ring)
                                (no ring)

@: no status effects
A: almost no armour, amphibious, 8 rings, camouflage 1, gelatinous body 1,
(nimble swimmer 1), tentacles
a: Renounce Religion, Berserk, Trog's Hand, Brothers in Arms


You were on level 8 of the Dungeon.
You worshipped Trog.
Trog was greatly pleased with you.
You visited 1 branch of the dungeon, and saw 8 of its levels.

You collected 384 gold pieces.
You spent 78 gold pieces at shops.

Inventory:

Hand Weapons
 a - a +0 short sword (weapon)
Missiles
 o - 10 boomerangs
 r - 18 poisoned darts (quivered)
Armour
 s - a +2 hat (worn)
Jewellery
 c - an amulet of faith (around mantle)
 d - a +4 ring of protection (left tentacle)
 x - a ring of flight
Wands
 p - a wand of flame (23)
 q - a wand of iceblast (4)
 w - a wand of acid (7)
 B - a wand of paralysis (12)
Scrolls
 b - a scroll of enchant armour {unknown}
 e - a scroll of silence {unknown}
 g - a scroll of enchant weapon {unknown}
 j - 3 scrolls of teleportation
 k - a scroll of noise {unknown}
 l - a scroll of summoning
 u - a scroll of fog {unknown}
 y - a scroll of acquirement {unknown}
Potions
 f - 2 potions of cancellation {unknown}
 h - 7 potions of curing
 i - 5 potions of heal wounds {unknown}
 m - 2 potions of flight {unknown}
 n - a potion of might {unknown}
 t - a potion of mutation {unknown}
 v - a potion of lignification {unknown}
 z - a potion of brilliance {unknown}
 A - a potion of berserk rage {unknown}


   Skills:
 + Level 7.1 Fighting
 * Level 9.8 Short Blades
 + Level 3.2 Dodging
 - Level 7.2 Stealth


You had 8 spell levels left.
You didn't know any spells.
Your spell library was empty.

Dungeon Overview and Level Annotations

Branches:
Dungeon (8/15)             Temple (0/1) D:5
   Lair: D:8-11

Altars:
Elyvilon
Hepliaklqana
Okawaru
Trog
Uskayaw
Wu Jian
Xom
Zin

Shops:
D:3 *

Annotations:
D:8 Joseph


Innate Abilities, Weirdness & Mutations

You cannot wear most types of armour.
You are amphibious.
You can wear up to eight rings at the same time.
Your skin changes colour to match your surroundings (Stealth+).
Your rubbery body absorbs attacks. (AC +1, EV +1)
((You are camouflaged when in or above water. (Stealth+)))
You have tentacles for arms and can constrict up to eight enemies at once.


Message History

The helpless howler monkey fails to defend itself.
You skewer the howler monkey like a kebab!!!
You kill the howler monkey!
Trog accepts your kill.
No target in view!
Found a stone staircase leading up.
Joseph, a Mercenary comes into view.
He is wielding a +0 quarterstaff and carrying a wand of flame (14).
Joseph is nearby!
Found a plate armour.
Found 7 gold pieces and a scroll of teleportation.
Found a stone staircase leading down.
Found 17 gold pieces.
A wyvern comes into view.
A steam dragon comes into view.
You see here 7 gold pieces. 3 wights come into view.
A wight is wielding a +1 trident and wearing a +0 robe of willpower.
A kobold comes into view. It is wielding a +0 whip.
The wyvern bites you!
The steam dragon bites you but does no damage.
The steam dragon misses you.
You hit the steam dragon. Your squeeze misses the steam dragon.
The steam dragon is lightly wounded.
The wyvern completely misses you. The steam dragon barely misses you. x2
You barely miss the steam dragon.
The steam dragon is lightly wounded.
The wyvern completely misses you.
You hit the steam dragon but do no damage.
The steam dragon is lightly wounded.
The wyvern bites you! The steam dragon misses you.
The steam dragon claws you but does no damage.
An orc warrior comes into view. It is wielding a +0 glaive.
The wyvern barely misses you. The wyvern closely misses you.
The wyvern bites you! The wyvern misses you.
There is a stone staircase leading down here.
The wyvern bites you! The steam dragon breathes steam at you.
The ball of steam hits you!!
You die...

...... #............#
.... ##...........#
##.#####.............
..
##....................
... #.........[.......
....##.....$...........
......z...............
.K....z...............
.####.z..l@...?.......
#....D...........$
##...............
#.......#.#....
#.......###...
.........# .........##
.o.....###


You could see a steam dragon (catching breath), an orc warrior (asleep), a
wyvern and 3 wights.

Vanquished Creatures
  An unseen horror (D:7)
  A hornet (D:6)
  Grinder (D:3)
  Edmund (D:6)
  A water moccasin (D:7)
  2 sky beasts
  An orc warrior (D:6)
  An ice beast (D:6)
  2 ogres
  Blork the orc (D:5)
  A kobold brigand (D:6)
  A gnoll sergeant (D:5)
  2 water moccasin zombies
  A wyvern zombie (D:7)
  A howler monkey (D:8)
  A centaur zombie (D:7)
  A jelly (D:7)
  A gnoll shaman (D:6)
  2 orc priests
  2 iguanas (D:5)
  Jessica (D:3)
  2 orc wizards (D:6)
  Ijyb (D:5)
  3 howler monkey zombies
  Robin (D:3)
  8 gnolls
  5 adders
  A shadow imp (D:5)
  A white imp (D:6)
  An ufetubus (D:5)
  A dart slug (D:2)
  24 orcs
  12 endoplasms
  6 giant cockroaches
  8 hobgoblins
  5 quokkas
  2 ball pythons
  10 bats
  7 frilled lizards
  15 goblins
  9 kobolds
  5 rats
153 creatures vanquished.

Vanquished Creatures (others)
  A wizard (D:3)
  27 plants (D:3)
28 creatures vanquished.

Grand Total: 181 creatures vanquished

Notes
Turn   | Place    | Note
-------+----------+-------------------------------------------
     0 | D:1      | Froggeryz the Octopode Berserker began the quest for the
                  | Orb.
     0 | D:1      | Reached XP level 1. HP: 16/16 MP: 1/1
   291 | D:1      | Reached XP level 2. HP: 21/21 MP: 2/2
   486 | D:1      | Reached ** piety under Trog
   623 | D:1      | Reached XP level 3. HP: 26/26 MP: 3/3
   982 | D:2      | Reached skill level 4 in Short Blades
   982 | D:2      | Found a faded altar of an unknown god.
  1442 | D:2      | Reached XP level 4. HP: 32/32 MP: 4/4
  1625 | D:3      | Noticed Robin
  2114 | D:3      | Reached *** piety under Trog
  2129 | D:3      | Killed Robin
  2130 | D:3      | Reached XP level 5. HP: 37/37 MP: 5/5
  2200 | D:3      | Noticed Jessica
  2200 | D:3      | Noticed Grinder
  2200 | D:3      | Paralysed by Grinder for 4 turns
  2211 | D:3      | Killed Grinder
  2212 | D:3      | Reached skill level 6 in Short Blades
  2212 | D:3      | Reached XP level 6. HP: 44/44 MP: 6/6
  2216 | D:3      | Killed Jessica
  2506 | D:3      | Found Ichoigg's General Store.
  2511 | D:3      | Bought a potion of curing for 39 gold pieces
  2511 | D:3      | Bought a scroll of teleportation for 39 gold pieces
  2778 | D:3      | Found a bloodstained altar of Trog.
  2779 | D:3      | Noticed a wizard
  2785 | D:3      | Killed a wizard
  2923 | D:4      | Reached skill level 1 in Stealth
  2982 | D:4      | Found an iron altar of Okawaru.
  3089 | D:4      | Identified the +8 war axe of Genk {holy, rCorr Dex-4 SInv}
  3160 | D:4      | Reached XP level 7. HP: 42/49 MP: 7/7
  3726 | D:5      | Entered Level 5 of the Dungeon
  3873 | D:5      | Found an ornate altar of the Wu Jian Council.
  3913 | D:5      | Reached skill level 5 in Fighting
  4103 | D:5      | Noticed Ijyb
  4109 | D:5      | Found a shimmering altar of Xom.
  4112 | D:5      | Killed Ijyb
  4135 | D:5      | Found a staircase to the Ecumenical Temple.
  4149 | D:5      | Noticed a +0 dagger
  4191 | D:5      | Reached **** piety under Trog
  4359 | D:5      | Reached skill level 7 in Short Blades
  4477 | D:5      | Noticed Blork the orc
  4484 | D:5      | Killed Blork the orc
  4697 | D:5      | Noticed a +0 dagger
  4697 | D:5      | Noticed a +0 falchion
  4701 | D:5      | Noticed a +0 spear
  4701 | D:5      | Noticed a +0 falchion
  4701 | D:5      | Noticed a +0 spear
  4703 | D:5      | Noticed a +0 short sword
  4704 | D:5      | Noticed a +0 short sword
  4777 | D:5      | Found a hide-covered altar of Uskayaw.
  4843 | D:5      | Reached XP level 8. HP: 38/56 MP: 8/8
  5400 | D:6      | Found a glowing silver altar of Zin.
  5428 | D:6      | Noticed a hornet
  5432 | D:6      | Killed a hornet
  5433 | D:6      | Reached skill level 8 in Short Blades
  5433 | D:6      | Reached skill level 5 in Stealth
  5461 | D:6      | Found a hazy altar of Hepliaklqana.
  5637 | D:6      | Noticed Edmund
  5659 | D:6      | Killed Edmund
  6436 | D:7      | Reached skill level 9 in Short Blades
  6436 | D:7      | Reached XP level 9. HP: 46/63 MP: 9/9
  6523 | D:7      | Found a white marble altar of Elyvilon.
  6555 | D:7      | Killed an unseen horror
  8010 | D:8      | Noticed Joseph
  8044 | D:8      | Killed from afar by a steam dragon

Illustrated notes

Levels and vault maps discovered:
D:1:      minmay_arrival_four_circles, layout_basic
D:2:      layout_basic, basic_ecumenical_altar
D:3:      layout_loops_ring, trog_wizard, serial_shops, shop,
          serial_bayou_lake_a, uniq_jessica, uniq_robin, uniq_grinder
D:4:      layout_loops_ring, okawaru_metal_pillars_1_2, serial_rivers,
          chequers_serial_rivers_micro_b, chequers_serial_rivers_large_b,
          chequers_serial_rivers_room_a, chequers_serial_rivers_small_3,
          chequers_serial_rivers_room_b, chequers_serial_rivers_micro_d,
          minmay_fountain_box
D:5:      layout_basic, nicolae_uskayaw_en_pointe, lemuel_crystal_altar,
          pdpol_wu_jian_five_deadly_venoms, temple_statues, uniq_ijyb,
          uniq_blork_the_orc
D:6:      layout_basic, zin_academy, kennysheep_mini_moat, uniq_edmund
D:7:      layout_basic, nicolae_overflow_crystal_walls
D:8:      layout_cave_pools, gammafunk_ghost_smash, grunt_ministairs_8,
          nrook_mini_backslash, minivault_23, uniq_joseph, uniq_pikel

Skill      XL: |  1  2  3  4  5  6  7  8  9 |
---------------+----------------------------+-----
Short Blades   | 4 6 7 9 |  9.8
Fighting       | 4 5 6 7 |  7.1
Stealth        | 1 4 6 7 |  7.2
Dodging        | |  3.2

Action                   |  1- 3 |  4- 6 |  7- 9 || total
-------------------------+-------+-------+-------++-------
Melee: Short sword       |    88 |   120 |   248 ||   456
       Constrict         |    23 |    37 |    39 ||    99
       Tentacles         |    19 |    27 |    63 ||   109
       Punch             |       |     2 |     5 ||     7
Throw: Boomerang         |       |       |     4 ||     4
       Dart              |       |       |     6 ||     6
Invok: Berserk           |       |     1 |     1 ||     2
       Trog's Hand       |       |     1 |       ||     1
Evoke: Wand              |       |       |    12 ||    12
  Use: Scroll            |       |       |     1 ||     1
 Stab: Sleeping          |    10 |     7 |     6 ||    23
       Distracted        |       |       |     1 ||     1
Armor: Skin              |    23 |    17 |    50 ||    90
Dodge: Dodged            |    51 |    59 |   111 ||   221
